 Dungeon Crawl Stone Soup version 0.27.1-35-g4d5d836560 (webtiles) character file.

Game seed: 13343355060284084855

39 cbfl8 the Sneak (level 3, -4/33 HPs)
             Began as a Minotaur Delver on Mar 27, 2022.
             Was an Initiate of Yredelemnul.
             Succumbed to a scorpion's poison
             ... on level 5 of the Dungeon.
             The game lasted 00:01:29 (503 turns).

cbfl8 the Sneak (Minotaur Delver)                    Turns: 503, Time: 00:01:29

Health: -4/33      AC:  5    Str: 17    XL:     3   Next: 26%
Magic:  2/2        EV: 12    Int:  7    God:    Yredelemnul [......]
Gold:   48         SH:  0    Dex: 11    Spells: 2/2 levels left

rFire    . . .     SeeInvis .   a - +0 hand axe
rCold    . . .     Faith    .   (no shield)
rNeg     . . .     Spirit   .   b - +0 leather armour
rPois    .         Reflect  .   j - +1 hat
rElec    .         Harm     .   (no cloak)
rCorr    .         Rampage  .   h - +0 pair of gloves
Will     .....                  (no boots)
Stlth    ++........             (no amulet)
HPRegen  0.11/turn              (no ring)
MPRegen  0.08/turn              (no ring)

@: lethally poisoned (-4 -> -29)
A: horns 2, retaliatory headbutt
a: Renounce Religion


You were on level 5 of the Dungeon.
You worshipped Yredelemnul.
Yredelemnul was noncommittal.
You visited 2 branches of the dungeon, and saw 3 of its levels.

You collected 48 gold pieces.

Inventory:

Hand Weapons
 a - a +0 hand axe (weapon)
Armour
 b - a +0 leather armour (worn)
 h - a +0 pair of gloves (worn)
 j - a +1 hat (worn)
Wands
 g - a wand of digging (3)
Scrolls
 c - a scroll of fog
 d - 2 scrolls of magic mapping
 e - a scroll of fear
 i - a scroll of noise {unknown}
 k - a scroll of identify {unknown}
 l - a scroll of teleportation {unknown}
Potions
 f - a potion of haste
 m - a potion of curing {unknown}


   Skills:
 + Level 3.9 Fighting
 + Level 2.6 Axes
 + Level 0.4 Armour
 + Level 2.4 Dodging
 + Level 4.8 Stealth


You had 2 spell levels left.
You didn't know any spells.
Your spell library contained the following spells:

 Spells                   Type           Power      Damage    Failure   Level
 Slow                     Hex            0%         N/A       63%         2
 Confusing Touch          Hex            0%         N/A       86%         3
 Yara's Violent Unravell  Hex/Tmut       0%         3d3       100%        5


Dungeon Overview and Level Annotations

Branches:
Dungeon (5/15)             Temple (1/1) D:5

Altars:
Ashenzari
Dithmenos
Fedhas
Hepliaklqana
Makhleb
Okawaru
Qazlal
Ru
Vehumet
Wu Jian
Xom
Yredelemnul
Zin

Shops:
D:5 [


Innate Abilities, Weirdness & Mutations

You have a pair of horns on your head.
You reflexively headbutt those who attack you in melee.


Message History

There is a stone staircase leading down here.
There is a stone staircase leading down here.
The orc priest calls down the wrath of Beogh upon you.
You barely resist.
You climb downwards.
There is a stone staircase leading up here.
There is an escape hatch in the ceiling here.
You open the door.
There is an open door here.
You open the door.
A scorpion comes into view.
There is an open door here.
The scorpion stings you.
You are poisoned.
The scorpion poisons you!
You hit the scorpion but do no damage.
You feel very sick. The scorpion stings you.
You hit the scorpion.
The scorpion is lightly wounded.
You feel sick. The scorpion stings you.
You are lethally poisoned!
The scorpion poisons you!
You barely miss the scorpion.
You headbutt the scorpion, but do no damage.
The scorpion is lightly wounded.
You feel very sick. The scorpion closely misses you. The scorpion stings you.
You hit the scorpion. Your headbutt misses the scorpion.
The scorpion is heavily wounded.
* * * LOW HITPOINT WARNING * * *
You feel very sick. The scorpion stings you.
* * * LOW HITPOINT WARNING * * *
You are more poisoned.
The scorpion poisons you!
You hit the scorpion but do no damage.
The scorpion is heavily wounded.
You die...
Your body rises from the dead as a mindless zombie.

#### #..# ########
####8.## #......#
#......####
#......###...∩......
#.s@...'.'.........#
#......###...<..##.#
#......# #......<#
#......###...8..####
####+####...........
#.########## #. #.


You could see a scorpion.

Vanquished Creatures
  A centaur skeleton (D:5)
  An adder (D:5)
  An orc (D:5)
3 creatures vanquished.

Notes
Turn   | Place    | Note
-------+----------+-------------------------------------------
     0 | D:5      | cbfl8 the Minotaur Delver began the quest for the Orb.
     0 | D:5      | Reached XP level 1. HP: 19/19 MP: 0/0
    40 | D:5      | Noticed an ogre
   151 | D:5      | Found a staircase to the Ecumenical Temple.
   173 | Temple   | Entered the Ecumenical Temple
   238 | Temple   | Became a worshipper of Yredelemnul the Dark
   329 | D:5      | Reached XP level 2. HP: 24/27 MP: 1/1
   329 | D:5      | Reached XP level 3. HP: 30/33 MP: 2/2
   469 | D:5      | Found Zuojikk's Antique Armour Shoppe.
   493 | D:5      | Noticed a scorpion
   503 | D:5      | Succumbed to a scorpion's poison

Illustrated notes

Levels and vault maps discovered:
D:4:      layout_loops_cross, jmf_multi_god_temple, amcnicky_altar_gilded,
          gup_sewer_entry_pipe, uniq_purgy
D:5:      layout_basic, minmay_temple_entry_mist, serial_shops, shop_statue,
          amcnicky_mini_corridor_feature
Temple:   nicolae_temple_god_jail

Action                   || total
-------------------------++-------
Melee: Hand axe          ||    15
       Headbutt          ||     4
Armor: Leather armour    ||     4
Dodge: Dodged            ||    10
